 Dungeon Crawl Stone Soup version 0.25.1-2-g60ff931df9 (webtiles) character file.

Game seed: 7691957208860803883

361188 gruber the Gelid (level 22, -13/172 HPs)
             Began as a Gnoll Ice Elementalist on Oct 12, 2020.
             Was the Champion of Vehumet.
             Mangled by a jiangshi (15 damage)
             ... led by a vampire mage
             ... on level 1 of the Crypt on Oct 13, 2020.
             The game lasted 01:35:36 (46470 turns).

gruber the Gelid (Gnoll Ice Elementalist)          Turns: 46470, Time: 01:35:37

Health: -13/172    AC: 27    Str: 15    XL:     22   Next: 45%
Magic:  25/49      EV: 21    Int: 39    God:    Vehumet [******]
Gold:   1889       SH:  0    Dex: 22    Spells: 26/50 levels left

rFire    . . .     SeeInvis +   T - +8 glaive of the Guard {elec, +Rage AC+5 SInv}
rCold    + + .     Gourm    .   (shield currently unavailable)
rNeg     + . .     Faith    .   h - +0 scale mail of Huduwned {Int+3 Dex+3 Slay+3}
rPois    +         Spirit   .   m - +2 hat {MR+}
rElec    +         Reflect  .   j - +2 ratskin cloak {+Rats rPois rN+ Str-1 Int-1 Dex+1}
rCorr    .         Harm     .   J - +0 pair of gloves of Fidech {rElec Int+4 Slay+2}
MR       ++...                  F - +0 pair of boots the Grim Dragon {+Inv rPois MP+9}
Stlth    +++++.....             X - amulet of regeneration
HPRegen  0.78/turn              y - ring of Bevetwe {rElec rC++ AC+4 Str-3 Dex+4}
MPRegen  0.31/turn              D - ring "Mecimuu" {rElec rPois Str+8 Int+6 Dex-2}

@: no potions, slowed, studying Ice Magic, very slow
A: distributed training, fangs 1, strong nose
}: 2/15 runes: serpentine, barnacled
a: Renounce Religion, Evoke Ratskin, Evoke Berserk Rage, Evoke Invisibility


You were on level 1 of the Crypt.
You worshipped Vehumet.
Vehumet was exalted by your worship.
You were not hungry.

You visited 8 branches of the dungeon, and saw 38 of its levels.
You also visited: Bailey and Ice Cave.

You collected 3738 gold pieces.
You spent 1849 gold pieces at shops.

Inventory:

Hand Weapons
 T - the +8 glaive of the Guard (weapon) {elec, +Rage AC+5 SInv}
   (You found it in a bailey)

   Occasionally, upon striking a foe, it will discharge some electrical energy
   and cause terrible harm.
   It affects your AC (+5).
   It lets you see invisible.
   It lets you go berserk.
Missiles
 M - 18 silver javelins (quivered)
Armour
 h - the +0 scale mail of Huduwned (worn) {Int+3 Dex+3 Slay+3}
   (You found it on level 1 of the Crypt)

   It affects your intelligence (+3).
   It affects your dexterity (+3).
   It affects your accuracy and damage with ranged weapons and melee attacks
   (+3).
 j - the +2 ratskin cloak (worn) {+Rats rPois rN+ Str-1 Int-1 Dex+1}
   (You acquired it on level 1 of the Crypt)

   It affects your strength (-1).
   It affects your intelligence (-1).
   It affects your dexterity (+1).
   It protects you from poison.
   It protects you from negative energy.
 m - a +2 hat of magic resistance (worn)
 F - the +0 pair of boots the Grim Dragon (worn) {+Inv rPois MP+9}
   (You bought it in a shop on level 2 of the Orcish Mines)

   It protects you from poison.
   It affects your magic capacity (+9).
   It lets you turn invisible.
 J - the +0 pair of gloves of Fidech (worn) {rElec Int+4 Slay+2}
   (You acquired it on level 6 of the Lair of Beasts)

   It affects your intelligence (+4).
   It affects your accuracy and damage with ranged weapons and melee attacks
   (+2).
   It insulates you from electricity.
Jewellery
 r - an uncursed ring of resist corrosion
 y - the ring of Bevetwe (left hand) {rElec rC++ AC+4 Str-3 Dex+4}
   (You bought it in a shop on level 3 of the Vaults)

   [ring of protection]

   It affects your AC (+4).
   It affects your strength (-3).
   It affects your dexterity (+4).
   It greatly protects you from cold.
   It insulates you from electricity.
 A - an uncursed ring of protection from fire
 D - the ring "Mecimuu" (right hand) {rElec rPois Str+8 Int+6 Dex-2}
   (You acquired it on level 6 of the Lair of Beasts)

   [ring of intelligence]

   It affects your strength (+8).
   It affects your intelligence (+6).
   It affects your dexterity (-2).
   It insulates you from electricity.
   It protects you from poison.
 V - an uncursed ring of protection from magic
 X - an amulet of regeneration (around neck)
Wands
 s - a wand of paralysis (39)
 w - a wand of disintegration (8)
 B - a wand of polymorph (18)
 I - a wand of digging (12)
 K - a wand of acid (15)
 U - a wand of clouds (22)
 W - a wand of iceblast (6)
 Y - a wand of flame (124)
Scrolls
 a - 15 scrolls of teleportation
 e - 12 scrolls of amnesia
 i - 2 scrolls of silence
 l - 3 scrolls of fear
 p - 6 scrolls of fog
 q - 7 scrolls of immolation
 x - 9 scrolls of magic mapping
 H - 16 scrolls of remove curse
 N - a scroll of enchant armour
 Q - 5 scrolls of identify
 S - 6 scrolls of blinking
Potions
 b - a potion of ambrosia
 d - 7 potions of curing
 f - 10 potions of might
 g - 5 potions of resistance
 k - 8 potions of cancellation
 n - 4 potions of degeneration
 o - 11 potions of stabbing
 t - 3 potions of brilliance
 u - 2 potions of berserk rage
 z - 12 potions of heal wounds
 C - 8 potions of lignification
 L - 6 potions of mutation
 P - 4 potions of flight
 R - 4 potions of haste
 Z - a potion of magic
Books
 v - a manual of Ice Magic
Comestibles
 c - 62 rations


   Skills:
 + Level 14.1 Fighting
 + Level 14.1 Short Blades
 + Level 14.1 Long Blades
 + Level 14.1 Axes
 + Level 14.1 Maces & Flails
 + Level 14.1 Polearms
 + Level 14.1 Staves
 + Level 14.1 Slings
 + Level 14.1 Bows
 + Level 14.1 Crossbows
 + Level 14.1 Throwing
 + Level 14.1 Armour
 + Level 14.7 Dodging
 + Level 14.6 Stealth
 + Level 14.1 Shields
 + Level 14.1 Unarmed Combat
 + Level 14.8 Spellcasting
 + Level 12.1 Conjurations
 + Level 12.1 Hexes
 + Level 12.1 Charms
 + Level 12.1 Summonings
 + Level 12.1 Necromancy
 + Level 12.1 Translocations
 + Level 12.1 Transmutations
 + Level 12.1 Fire Magic
 + Level 16.2 Ice Magic
 + Level 12.1 Air Magic
 + Level 12.1 Earth Magic
 + Level 12.1 Poison Magic
 + Level 15.2 Invocations
 + Level 14.1 Evocations


You had 26 spell levels left.
You knew the following spells:

 Your Spells              Type           Power        Failure   Level  Hunger
b - Frozen Ramparts       Ice            ######       0%          3    None
c - Summon Ice Beast      Ice/Summ       #######.     1%          4    None
d - Blink                 Tloc           N/A          1%          2    None
e - Iron Shot             Conj/Erth      #######...   1%          6    None
f - Ozocubu's Refrigerat  Ice            ########..   1%          6    None
g - Spectral Weapon       Hex/Chrm       #######.     1%          3    None

Your spell library contained the following spells:

 Spells                   Type           Power        Failure   Level  Hunger
 Ignition                 Fire           #######...   32%         8    #####..
 Lehudib's Crystal Spear  Conj/Erth      #######...   32%         8    #####..
 Tornado                  Air            #######...   99%         9    #######
 Freeze                   Ice            ####         0%          1    None
 Magic Dart               Conj           ####         0%          1    None
 Ensorcelled Hibernation  Hex/Ice        ######       0%          2    None
 Animate Skeleton         Necr           N/A          1%          1    None
 Beastly Appendage        Tmut           ######       1%          1    None
 Corona                   Hex            #######      1%          1    None
 Pain                     Necr           ####         1%          1    None
 Summon Small Mammal      Summ           ####         1%          1    None
 Call Imp                 Summ           #######.     1%          2    None
 Passwall                 Tmut/Erth      #######.     1%          2    None
 Searing Ray              Conj           ######       1%          2    None
 Shroud of Golubria       Chrm/Tloc      ######       1%          2    None
 Slow                     Hex            #######.     1%          2    None
 Sticks to Snakes         Tmut           #######.     1%          2    None
 Swiftness                Chrm/Air       #######.     1%          2    None
 Call Canine Familiar     Summ           #######.     1%          3    None
 Confusing Touch          Hex            #######.     1%          3    None
 Conjure Flame            Conj/Fire      #######.     1%          3    None
 Dazzling Flash           Conj/Hex       ######       1%          3    None
 Gell's Gravitas          Tloc           #######...   1%          3    None
 Lesser Beckoning         Tloc           #######...   1%          3    None
 Mephitic Cloud           Conj/Pois/Air  #######.     1%          3    None
 Ozocubu's Armour         Chrm/Ice       #######.     1%          3    None
 Spider Form              Tmut/Pois      #######...   1%          3    None
 Summon Guardian Golem    Hex/Summ       #######.     1%          3    None
 Teleport Other           Tloc           #######.     1%          3    None
 Tukima's Dance           Hex            #######.     1%          3    None
 Vampiric Draining        Necr           #######...   1%          3    None
 Animate Dead             Necr           N/A          1%          4    None
 Cause Fear               Hex            #######...   1%          4    None
 Fulminant Prism          Conj/Hex       #######...   1%          4    None
 Hailstorm                Conj/Ice       #######.     1%          4    None
 Ice Form                 Ice/Tmut       #######.     1%          4    None
 Iskenderun's Mystic Bla  Conj/Tloc      #######.     1%          4    None
 Passage of Golubria      Tloc           N/A          1%          4    None
 Summon Lightning Spire   Summ/Air       #######.     1%          4    None
 Agony                    Necr           #######.     1%          5    None
 Blade Hands              Tmut           #######...   1%          5    None
 Bolt of Magma            Conj/Fire/Erth #######...   1%          5    None
 Iskenderun's Battlesphe  Conj/Chrm      #######.     1%          5    None
 Lee's Rapid Deconstruct  Erth           #######...   1%          5    None
 Darkness                 Hex            #######...   3%          6    None
 Invisibility             Hex            #######.     3%          6    None
 Orb of Destruction       Conj           #######...   4%          7    ####...
 Spellforged Servitor     Conj/Summ      #######...   4%          7    ####...
 Haunt                    Necr/Summ      #######...   17%         7    ####...
 Borgnjor's Revivificati  Necr           #######...   80%         8    #####..
 Death's Door             Chrm/Necr      #######...   80%         8    #####..
 Discord                  Hex            #######...   80%         8    #####..
 Infestation              Necr           #######...   80%         8    #####..
 Necromutation            Tmut/Necr      #######...   80%         8    #####..


Dungeon Overview and Level Annotations

Branches:
Dungeon (15/15)            Temple (1/1) D:7            Lair (6/6) D:10
 Shoals (4/4) Lair:2        Snake (4/4) Lair:2        Slime (0/5) Lair:6
    Orc (2/2) D:9             Elf (0/3) Orc:2        Vaults (4/5) D:13
  Crypt (2/3) Vaults:3     Depths (0/5) D:15         Bailey (visited)
  IceCv (visited)

Altars:
Ashenzari
Cheibriados
Dithmenos
Elyvilon
Fedhas
Gozag
Hepliaklqana
Kikubaaqudgha
Makhleb
Nemelex Xobeh
Okawaru
Qazlal
Ru
Sif Muna
Trog
Uskayaw
Vehumet
Wu Jian
Xom
Yredelemnul
Zin
The Shining One
Beogh
Jiyva

Shops:
D:5 [   D:8 }(   D:14 ?   Orc:2 [?!*   Shoals:1 *[=   Snake:2 }=}*
Vaults:1 }:   Vaults:2 (   Vaults:3 }:*=:

Annotations:
Lair:3 exclusion: oklob plant


Innate Abilities, Weirdness & Mutations

Your experience applies equally to all skills.
You have very sharp teeth.
Your uncanny sense of smell can sniff out nearby items.


Message History

The jiangshi completely misses you.
The ghostly deep elf death mage closely misses you.
The jiangshi claws you but does no damage.
The jiangshi claws you!
* * * LOW HITPOINT WARNING * * *
The jiangshi draws strength from your injuries!
The jiangshi claws you but does no damage.
The jiangshi closely misses you. The jiangshi misses you.
The jiangshi claws you!
* * * LOW HITPOINT WARNING * * *
The ghostly deep elf death mage hits you but does no damage.
The jiangshi completely misses you. The jiangshi misses you.
Unknown command.
Unknown command.
Casting: Ozocubu's Refrigeration (mildly dangerous; 1% risk of failure)
Confirm with . or Enter, or press ? or * to list all spells.
You blink.
The jiangshi barely misses you.
The jiangshi claws you but does no damage.
The jiangshi claws you!
You die...

##................## #
#.....)...........##
#....>).....##.....##
#....[...######.....##
##........## ##.....## #
######.....[..ยง.### ##.....#
######............V....###.....##
........<.......VVe......#######
................@.#........##
#.....########....#####.....##
####### ##....## ###....## #
#....## #### ##....### #....#
##..## #....... #....###....#
##...... ### #...[##.....#
####### #.## ##.....#....## ...##
###..........##


You could see a ghostly deep elf death mage and 3 jiangshi.

Vanquished Creatures
  Saint Roka (Vaults:3)
  Rupert (Lair:4)
  Jorgrun (D:15)
  Asterion (Snake:1)
  A kraken (Shoals:4)
  A tengu reaver (Vaults:4)
  Gastronok (Lair:3)
  A sphinx (Vaults:4)
  8 nagarajas
  A fire giant (Vaults:4)
  Ilsuiw (Shoals:2)
  3 frost giants
  9 vault wardens
  An orc warlord (Bailey)
  A ghoul (Crypt:1)
  5 stone giants
  11 ironheart preservers
  An entropy weaver (Vaults:3)
  A vampire knight (Crypt:1)
  2 deep elf demonologists
  2 merfolk javelineers
  6 ettins
  2 eidola (Crypt:1)
  2 jiangshi (Crypt:1)
  The ghost of bomj the Cleaver, a journeyman MiBe of Trog (D:11)
  3 deep elf death magi
  5 fire dragons
  3 great orbs of eyes
  12 merfolk impalers
  6 yaktaur captains
  10 ogre magi
  Fannar (Lair:2)
  6 vault guards
  Harold (D:8)
  5 hydras
  18 naga warriors
  3 rakshasas
  12 centaur warriors
  3 ice dragons
  An anaconda (shapeshifter) (D:15)
  3 merfolk avatars
  The ghost of Frank the Martial Artist, a journeyman DsGl of Makhleb (Orc:1)
  4 merfolk aquamancers
  3 death knights
  8 anacondas
  Erica (D:8)
  The ghost of funkygono the Basher, a journeyman GrGl of Okawaru (D:12)
  An alligator snapping turtle (Shoals:3)
  A deep troll shaman (Vaults:4)
  A queen ant (Lair:3)
  2 tengu warriors (D:15)
  25 two-headed ogres
  The ghost of lepoulpe303 the Covert, a journeyman SpEE of Dithmenos (D:9)
  An orc high priest (Orc:1)
  A vampire mage (Crypt:1)
  6 shock serpents
  4 deep elf knights
  20 naga sharpshooters
  A soul eater (Crypt:2)
  15 skeletal warriors
  An unseen horror (shapeshifter) (Vaults:3)
  5 shadow wraiths
  A salamander mystic (Snake:2)
  9 sea snakes
  A glowing orange brain (shapeshifter) (Vaults:4)
  A glowing orange brain (D:15)
  A spark wasp zombie (Crypt:1)
  2 deep trolls (Vaults:4)
  6 unseen horrors
  5 naga ritualists
  A swamp dragon (Lair:6)
  A harpy (shapeshifter) (D:15)
  A shadow dragon zombie (Crypt:2)
  2 deep elf archers
  3 flayed ghosts
  A spectral wolf spider (D:12)
  8 ironbrand convokers
  3 wizards
  3 necromancers
  14 harpies
  4 phantasmal warriors
  16 orc knights
  A wolf spider zombie (Crypt:1)
  8 mana vipers
  10 manticores
  2 orc sorcerers
  8 deep elf magi
  44 ugly things
  A wolf spider (shapeshifter) (Vaults:1)
  A human zombie (Vaults:4)
  6 wolf spiders
  4 salamanders
  8 fauns (Shoals:2)
  5 spectral centaurs (D:12)
  8 elephants
  8 cyclopes
  An iron dragon skeleton (Crypt:2)
  A dire elephant zombie (Crypt:1)
  Joseph (D:7)
  12 merfolk sirens
  A stone giant skeleton (Vaults:4)
  6 centaur zombies
  13 spiny frogs
  3 ice statues (IceCv)
  29 black mambas
  2 guardian serpents
  13 naga magi
  Maurice (D:8)
  13 vault sentinels
  11 water nymphs
  5 centaur skeletons
  A spiny frog (shapeshifter) (D:15)
  A torpor snail (shapeshifter) (Vaults:3)
  5 kobold demonologists
  10 freezing wraiths
  21 yaktaurs
  13 komodo dragons
  A rime drake (Lair:6)
  2 efreet
  2 ice devils (Lair:4)
  12 trolls
  A hornet (shapeshifter) (Vaults:3)
  32 merfolk
  18 slime creatures
  A tengu simulacrum (Vaults:4)
  A polar bear (shapeshifter) (D:13)
  A polar bear (Lair:4)
  4 wind drakes
  5 hornets
  12 blink frogs
  2 hippogriffs (shapeshifter)
  15 dream sheep
  A human simulacrum (Vaults:3)
  12 hippogriffs
  10 snapping turtles
  Sigmund (D:2)
  A frost giant simulacrum (Vaults:2)
  A black mamba zombie (Crypt:1)
  3 redbacks
  2 shadows
  14 water elementals
  A tarantella (Vaults:3)
  A vampire (D:13)
  A spriggan (shapeshifter) (Vaults:2)
  15 wyverns
  4 wraiths
  A centaur simulacrum (D:12)
  2 hogs (shapeshifter)
  3 hogs (D:7)
  36 yaks
  6 basilisks
  2 steam dragons
  3 hungry ghosts
  A human (D:7)
  A torturous demonspawn zombie (Crypt:1)
  4 wargs
  A warg (shapeshifter) (Vaults:3)
  27 water moccasins
  60 nagas
  9 soldier ants
  A faun skeleton (Crypt:1)
  3 acid dragons
  6 sky beasts
  A floating eye (D:13)
  A gelid demonspawn skeleton (Crypt:1)
  11 porcupines
  4 swamp drakes (Lair:6)
  8 ice beasts
  65 orc warriors
  23 ogres
  A phantom (D:11)
  A swamp dragon skeleton (Crypt:1)
  An eye of draining (D:11)
  4 boggarts (D:14)
  4 wolves (Lair:3)
  20 centaurs
  12 crocodiles
  11 big kobolds
  A yaktaur zombie (Crypt:2)
  11 bullfrogs
  A salamander skeleton (Crypt:1)
  A salamander zombie (Crypt:1)
  2 human skeletons (Vaults:4)
  3 wyvern skeletons
  A troll zombie (Crypt:1)
  8 scorpions
  4 killer bees (D:10)
  A water moccasin skeleton (Crypt:1)
  A howler monkey (D:5)
  An electric eel (Lair:1)
  A crimson imp (D:7)
  2 bullfrog zombies
  A black bear zombie (Crypt:2)
  4 bullfrog skeletons
  15 orc priests
  6 hounds
  2 jellies
  11 orc wizards
  Jessica (D:2)
  6 iguanas
  31 worker ants
  A killer bee zombie (Crypt:1)
  A demigod zombie (Crypt:2)
  A howler monkey zombie (D:6)
  3 worker ant zombies
  15 adders
  16 gnolls
  4 shadow imps
  2 oozes
  An adder skeleton (D:5)
  3 worms
  5 dart slugs
  5 leopard geckos
  98 orcs
  8 bats
  A giant cockroach (D:3)
  26 goblins
  24 hobgoblins
  8 jackals
  9 kobolds
  2 quokkas
  5 ball pythons
  6 frilled lizards
  A quokka skeleton (D:6)
  6 rats
  5 fungi (Lair:6)
  62 plants
  5 spectral weapons
  3 tentacles (Shoals:4)
1570 creatures vanquished.

Vanquished Creatures (collateral kills)
  4 hydras
  A manticore (D:11)
  4 ugly things
  An elephant (Lair:4)
  2 rime drakes
  A troll (D:13)
  A dream sheep (Lair:4)
  A wyvern (D:12)
  2 yaks
  A water moccasin (Lair:4)
  An orc warrior (D:8)
  An ogre (D:7)
  A phantom (D:4)
  4 centaurs
  A crocodile (Lair:5)
  A bullfrog (Lair:4)
  A wyvern zombie (D:12)
  3 killer bees (D:10)
  A gnoll shaman (D:9)
  A bullfrog skeleton (D:13)
  An orc wizard (D:13)
  A worker ant (Lair:3)
  A worker ant zombie (D:8)
  2 gnolls
  2 orcs
  A goblin (Bailey)
  A butterfly (Lair:1)
42 creatures vanquished.

Vanquished Creatures (others)
  A two-headed ogre (Vaults:4)
  A deep elf knight (Vaults:3)
  A worker ant (Lair:3)
  2 bushes (Lair:5)
  43 fungi
  46 plants
  7 spectral weapons
  2 tentacles (Shoals:4)
103 creatures vanquished.

Grand Total: 1715 creatures vanquished

Notes
Turn   | Place    | Note
-------+----------+-------------------------------------------
     0 | D:1      | gruber the Gnoll Ice Elementalist began the quest for the
                  | Orb.
     0 | D:1      | Reached XP level 1. HP: 13/13 MP: 6/6
   117 | D:1      | Reached XP level 2. HP: 19/19 MP: 5/7
   442 | D:1      | Reached XP level 3. HP: 25/25 MP: 6/9
   583 | D:1      | Reached skill level 5 in Spellcasting
   833 | D:1      | Reached skill level 1 in Invocations
   838 | D:1      | Learned a level 3 spell: Frozen Ramparts
  1214 | D:2      | Noticed Sigmund
  1224 | D:2      | Killed Sigmund
  1224 | D:2      | Reached skill level 1 in Fighting
  1224 | D:2      | Reached skill level 1 in Short Blades
  1224 | D:2      | Reached skill level 1 in Long Blades
  1224 | D:2      | Reached skill level 1 in Axes
  1224 | D:2      | Reached skill level 1 in Maces & Flails
  1224 | D:2      | Reached skill level 1 in Polearms
  1224 | D:2      | Reached skill level 1 in Staves
  1224 | D:2      | Reached skill level 1 in Slings
  1224 | D:2      | Reached skill level 1 in Bows
  1224 | D:2      | Reached skill level 1 in Crossbows
  1224 | D:2      | Reached skill level 1 in Throwing
  1224 | D:2      | Reached skill level 1 in Armour
  1224 | D:2      | Reached skill level 1 in Shields
  1224 | D:2      | Reached skill level 1 in Unarmed Combat
  1224 | D:2      | Reached skill level 1 in Conjurations
  1224 | D:2      | Reached skill level 1 in Hexes
  1224 | D:2      | Reached skill level 1 in Charms
  1224 | D:2      | Reached skill level 1 in Summonings
  1224 | D:2      | Reached skill level 1 in Necromancy
  1224 | D:2      | Reached skill level 1 in Translocations
  1224 | D:2      | Reached skill level 1 in Transmutations
  1224 | D:2      | Reached skill level 1 in Fire Magic
  1224 | D:2      | Reached skill level 1 in Air Magic
  1224 | D:2      | Reached skill level 1 in Earth Magic
  1224 | D:2      | Reached skill level 1 in Poison Magic
  1224 | D:2      | Reached skill level 1 in Evocations
  1224 | D:2      | Reached XP level 4. HP: 16/32 MP: 4/11
  1224 | D:2      | Reached XP level 5. HP: 19/37 MP: 4/12
  1572 | D:2      | Reached XP level 6. HP: 44/44 MP: 13/13
  1684 | D:2      | Found an ornate altar of the Wu Jian Council.
  1751 | D:2      | Noticed Jessica
  1757 | D:2      | Killed Jessica
  2224 | D:3      | Found a glowing golden altar of the Shining One.
  2907 | D:4      | Reached skill level 5 in Dodging
  3229 | D:4      | Learned a level 4 spell: Summon Ice Beast
  3232 | D:4      | Learned a level 2 spell: Blink
  3275 | D:4      | Found an iron altar of Okawaru.
  3282 | D:4      | Found a snail-covered altar of Cheibriados.
  3294 | D:4      | Noticed a phantom
  3336 | D:4      | Killed a phantom
  3336 | D:4      | Reached XP level 7. HP: 23/50 MP: 11/15
  3713 | D:5      | Entered Level 5 of the Dungeon
  4063 | D:5      | Reached skill level 5 in Stealth
  4212 | D:5      | Found Betoet's Antique Armour Shoppe.
  4773 | D:6      | Reached XP level 8. HP: 48/57 MP: 13/16
  5066 | D:6      | Found a hide-covered altar of Uskayaw.
  5240 | D:6      | Got a bone falchion
  5241 | D:6      | Identified the +9 falchion "Log Cifu" {freeze, Int+3
                  | Stlth+} (You found it on level 6 of the Dungeon)
  5374 | D:6      | Found a sacrificial altar of Ru.
  5496 | D:6      | Found a stormy altar of Qazlal.
  5866 | D:7      | Found a staircase to the Ecumenical Temple.
  5866 | D:7      | Noticed Joseph
  5876 | D:7      | Killed Joseph
  5876 | D:7      | Reached XP level 9. HP: 40/65 MP: 15/18
  6260 | D:7      | Found a blossoming altar of Fedhas.
  6260 | D:7      | Found a shimmering altar of Xom.
  6265 | D:7      | Found a sparkling altar of Nemelex Xobeh.
  6267 | D:7      | Found a basalt altar of Yredelemnul.
  6269 | D:7      | Found an ancient bone altar of Kikubaaqudgha.
  6482 | D:7      | Reached skill level 8 in Ice Magic
  6876 | D:8      | Noticed Harold
  6885 | D:8      | Killed Harold
  6885 | D:8      | Reached skill level 5 in Invocations
  6885 | D:8      | Reached XP level 10. HP: 73/73 MP: 9/20
  7214 | D:8      | Found Xuruhiprot's Gadget Emporium.
  7270 | D:8      | Found Ruhoraff's Antique Weapon Boutique.
  7350 | D:8      | Noticed Maurice
  7354 | D:8      | Noticed Erica
  7557 | D:8      | Killed Maurice
  7557 | D:8      | Reached skill level 5 in Fighting
  7557 | D:8      | Reached skill level 5 in Short Blades
  7557 | D:8      | Reached skill level 5 in Long Blades
  7557 | D:8      | Reached skill level 5 in Axes
  7557 | D:8      | Reached skill level 5 in Maces & Flails
  7557 | D:8      | Reached skill level 5 in Polearms
  7557 | D:8      | Reached skill level 5 in Staves
  7557 | D:8      | Reached skill level 5 in Slings
  7557 | D:8      | Reached skill level 5 in Bows
  7557 | D:8      | Reached skill level 5 in Crossbows
  7557 | D:8      | Reached skill level 5 in Throwing
  7557 | D:8      | Reached skill level 5 in Armour
  7557 | D:8      | Reached skill level 5 in Shields
  7557 | D:8      | Reached skill level 5 in Unarmed Combat
  7557 | D:8      | Reached skill level 5 in Evocations
  7578 | D:8      | HP: 1/74 [something/lance of force (16)]
  7582 | D:8      | Killed Erica
  9134 | Temple   | Entered the Ecumenical Temple
  9164 | Temple   | Became a worshipper of Vehumet
  9431 | D:9      | Found a staircase to the Orcish Mines.
  9456 | D:9      | Found a runed translucent gate.
  9507 | D:9      | Noticed a kobold demonologist
  9754 | D:9      | Noticed a kobold demonologist
  9755 | D:9      | Noticed a kobold demonologist
  9755 | D:9      | Noticed lepoulpe303's ghost (journeyman SpEE)
  9756 | D:9      | Found a runed translucent gate.
  9756 | D:9      | Found a runed translucent gate.
  9792 | D:9      | Found a shadowy altar of Dithmenos.
  9998 | D:10     | Entered Level 10 of the Dungeon
 10015 | D:10     | Found a staircase to the Lair.
 10029 | D:10     | Reached * piety under Vehumet
 10029 | D:10     | Offered knowledge of Sandblast by Vehumet.
 10089 | D:10     | Found a flagged portal.
 10097 | D:10     | Reached XP level 11. HP: 71/81 MP: 22/22
 10264 | Bailey   | Entered a bailey
 10445 | Bailey   | Offered knowledge of Searing Ray by Vehumet.
 10446 | Bailey   | Reached ** piety under Vehumet
 10697 | Bailey   | Noticed an orc knight
 10697 | Bailey   | Noticed an orc warlord
 10697 | Bailey   | Noticed an orc knight
 10700 | Bailey   | Offered knowledge of Stone Arrow by Vehumet.
 10720 | Bailey   | Killed an orc knight
 10720 | Bailey   | Reached skill level 5 in Conjurations
 10720 | Bailey   | Reached skill level 5 in Hexes
 10720 | Bailey   | Reached skill level 5 in Charms
 10720 | Bailey   | Reached skill level 5 in Summonings
 10720 | Bailey   | Reached skill level 5 in Necromancy
 10720 | Bailey   | Reached skill level 5 in Translocations
 10720 | Bailey   | Reached skill level 5 in Transmutations
 10720 | Bailey   | Reached skill level 5 in Fire Magic
 10720 | Bailey   | Reached skill level 5 in Air Magic
 10720 | Bailey   | Reached skill level 5 in Earth Magic
 10720 | Bailey   | Reached skill level 5 in Poison Magic
 10721 | Bailey   | Killed an orc knight
 10723 | Bailey   | Killed an orc warlord
 10725 | Bailey   | Reached *** piety under Vehumet
 10739 | Bailey   | Found the +8 glaive of the Guard {elec, +Rage AC+5 SInv}
 11023 | D:10     | Offered knowledge of Fulminant Prism by Vehumet.
 11041 | D:10     | Reached skill level 9 in Ice Magic
 11391 | D:11     | Noticed a manticore
 11495 | D:11     | Killed a manticore
 11580 | D:11     | Noticed a seven-headed hydra
 11589 | D:11     | Killed a seven-headed hydra
 11654 | D:11     | Noticed bomj's ghost (journeyman MiBe)
 11668 | D:11     | Reached XP level 12. HP: 87/89 MP: 17/24
 11744 | D:11     | Found a runed translucent door.
 11942 | D:11     | Found a blossoming altar of Fedhas.
 12200 | D:11     | Reached **** piety under Vehumet
 12544 | D:12     | Offered knowledge of Airstrike by Vehumet.
 12562 | D:12     | HP: 3/91 [something (2)]
 13079 | D:12     | Found a runed translucent gate.
 13079 | D:12     | Found a runed translucent gate.
 13081 | D:12     | Found a runed translucent gate.
 13378 | D:12     | Noticed funkygono's ghost (journeyman GrGl)
 14443 | D:13     | Noticed a centaur warrior
 14444 | D:13     | Noticed a centaur warrior
 14462 | D:13     | Killed a centaur warrior
 14464 | D:13     | Killed a centaur warrior
 14648 | D:13     | Reached XP level 13. HP: 67/98 MP: 18/26
 14652 | D:13     | Reached ***** piety under Vehumet
 14652 | D:13     | Offered knowledge of Spellforged Servitor by Vehumet.
 14997 | Lair:1   | Entered Level 1 of the Lair of Beasts
 16497 | Lair:2   | Noticed Fannar
 16607 | Lair:2   | Found a staircase to the Snake Pit.
 16911 | Lair:2   | Found a staircase to the Shoals.
 17061 | Lair:2   | Killed Fannar
 17275 | Lair:3   | Found an iron altar of Okawaru.
 17296 | Lair:3   | Reached skill level 10 in Ice Magic
 17297 | Lair:3   | Noticed Gastronok
 17307 | Lair:3   | Killed Gastronok
 17552 | Lair:3   | Offered knowledge of Freezing Cloud by Vehumet.
 18016 | Lair:4   | Noticed Rupert
 18113 | Lair:4   | Killed Rupert
 18113 | Lair:4   | Reached skill level 10 in Spellcasting
 18113 | Lair:4   | Reached XP level 14. HP: 106/106 MP: 9/28
 18430 | Lair:4   | Found a frozen archway.
 18511 | IceCv    | Entered an ice cave
 18961 | IceCv    | Learned a level 6 spell: Iron Shot
 18988 | IceCv    | Reached skill level 10 in Dodging
 19196 | IceCv    | Identified Ublaxt's Tome of Execration
 20318 | Lair:5   | Offered knowledge of Ozocubu's Refrigeration by Vehumet.
 20327 | Lair:5   | Learned a level 6 spell: Ozocubu's Refrigeration
 20431 | Lair:5   | Reached skill level 10 in Stealth
 20790 | Lair:6   | Entered Level 6 of the Lair of Beasts
 20795 | Lair:6   | Reached skill level 10 in Invocations
 20973 | Lair:6   | Got a jewelled glaive
 20974 | Lair:6   | Identified the +4 glaive of Oenomania {antimagic, rPois
                  | Str+3 Int+7} (You found it on level 6 of the Lair of
                  | Beasts)
 21447 | Lair:6   | Identified 4 scrolls of acquirement
 21449 | Lair:6   | Acquired the ring "Mecimuu" {rElec rPois Str+8 Int+6 Dex-2}
 21453 | Lair:6   | Acquired the +0 pair of gloves of Fidech {rElec Int+4
                  | Slay+2}
 21460 | Lair:6   | Acquired a Necronomicon
 21462 | Lair:6   | Acquired a book of Conjurations
 21471 | Lair:6   | Learned a level 3 spell: Spectral Weapon
 21740 | Lair:6   | Reached skill level 11 in Ice Magic
 21756 | Lair:6   | Reached XP level 15. HP: 88/114 MP: 19/29
 21761 | Lair:6   | Offered knowledge of Yara's Violent Unravelling by Vehumet.
 21964 | Lair:6   | Found a viscous altar of Jiyva.
 21964 | Lair:6   | Found a staircase to the Slime Pits.
 23063 | Orc:1    | Entered Level 1 of the Orcish Mines
 23314 | Orc:1    | Found a roughly hewn altar of Beogh.
 23484 | Orc:1    | Found a runed translucent door.
 23485 | Orc:1    | Noticed Frank's ghost (journeyman DsGl)
 23714 | Orc:2    | Entered Level 2 of the Orcish Mines
 23907 | Orc:2    | Found a staircase to the Elven Halls.
 24446 | Orc:2    | Reached ****** piety under Vehumet
 24446 | Orc:2    | Offered knowledge of Starburst by Vehumet.
 24589 | Orc:2    | Reached skill level 10 in Fighting
 24589 | Orc:2    | Reached skill level 10 in Short Blades
 24589 | Orc:2    | Reached skill level 10 in Long Blades
 24589 | Orc:2    | Reached skill level 10 in Axes
 24589 | Orc:2    | Reached skill level 10 in Maces & Flails
 24589 | Orc:2    | Reached skill level 10 in Polearms
 24589 | Orc:2    | Reached skill level 10 in Staves
 24589 | Orc:2    | Reached skill level 10 in Slings
 24589 | Orc:2    | Reached skill level 10 in Bows
 24589 | Orc:2    | Reached skill level 10 in Crossbows
 24589 | Orc:2    | Reached skill level 10 in Throwing
 24589 | Orc:2    | Reached skill level 10 in Armour
 24589 | Orc:2    | Reached skill level 10 in Shields
 24589 | Orc:2    | Reached skill level 10 in Unarmed Combat
 24589 | Orc:2    | Reached skill level 10 in Evocations
 24930 | Orc:2    | Found Emoutzura's Magic Scroll Shop.
 24930 | Orc:2    | Found Zamatepn's Distillery.
 24932 | Orc:2    | Found Voub's General Store.
 24934 | Orc:2    | Found Xoqit's Armour Boutique.
 24938 | Orc:2    | Bought a scroll of teleportation for 39 gold pieces
 24938 | Orc:2    | Bought a scroll of identify for 26 gold pieces
 24938 | Orc:2    | Bought a scroll of identify for 26 gold pieces
 24938 | Orc:2    | Bought a scroll of identify for 26 gold pieces
 24938 | Orc:2    | Bought a scroll of amnesia for 45 gold pieces
 24946 | Orc:2    | Bought the +0 pair of boots the Grim Dragon {+Inv rPois
                  | MP+9} for 499 gold pieces
 25174 | D:9      | Killed lepoulpe303's ghost
 25228 | Orc:1    | Killed Frank's ghost
 25353 | D:11     | Killed bomj's ghost
 25455 | D:12     | Killed funkygono's ghost
 25555 | Snake:1  | Entered Level 1 of the Snake Pit
 25573 | Snake:1  | Found a sparkling altar of Nemelex Xobeh.
 26054 | Snake:1  | Noticed a nagaraja
 26062 | Snake:1  | Killed a nagaraja
 26062 | Snake:1  | Reached XP level 16. HP: 89/123 MP: 31/31
 26619 | Snake:1  | Reached skill level 12 in Ice Magic
 26673 | Snake:1  | Noticed Asterion
 26687 | Snake:1  | Killed Asterion
 27407 | Snake:2  | Found Oddoki's Gadget Boutique.
 27408 | Snake:2  | Found Bisis's Jewellery Emporium.
 27416 | Snake:2  | Found Sicidoir's Gadget Boutique.
 27423 | Snake:2  | Offered knowledge of Conjure Ball Lightning by Vehumet.
 27509 | Snake:2  | Found Tuut's Assorted Antiques.
 27521 | Snake:2  | Bought a shiny granite ring for 120 gold pieces
 27676 | Snake:2  | Noticed a nagaraja
 27685 | Snake:2  | Killed a nagaraja
 28094 | Snake:2  | Noticed a nagaraja
 28101 | Snake:2  | Killed a nagaraja
 29258 | Snake:3  | Reached XP level 17. HP: 121/131 MP: 33/33
 30027 | Snake:4  | Entered Level 4 of the Snake Pit
 30176 | Snake:4  | Offered knowledge of Chain Lightning by Vehumet.
 30223 | Snake:4  | Reached skill level 13 in Ice Magic
 30223 | Snake:4  | Reached XP level 18. HP: 138/138 MP: 34/34
 30928 | Snake:4  | Got a serpentine rune of Zot
 31634 | D:13     | Reached skill level 10 in Conjurations
 31634 | D:13     | Reached skill level 10 in Hexes
 31634 | D:13     | Reached skill level 10 in Charms
 31634 | D:13     | Reached skill level 10 in Summonings
 31634 | D:13     | Reached skill level 10 in Necromancy
 31634 | D:13     | Reached skill level 10 in Translocations
 31634 | D:13     | Reached skill level 10 in Transmutations
 31634 | D:13     | Reached skill level 10 in Fire Magic
 31634 | D:13     | Reached skill level 10 in Air Magic
 31634 | D:13     | Reached skill level 10 in Earth Magic
 31634 | D:13     | Reached skill level 10 in Poison Magic
 31644 | D:13     | Offered knowledge of Lehudib's Crystal Spear by Vehumet.
 31644 | D:13     | Offered knowledge of Tornado by Vehumet.
 31644 | D:13     | Offered knowledge of Ignition by Vehumet.
 31888 | D:13     | Found a gate to the Vaults.
 32028 | D:14     | Found Xeuf's Magic Scroll Boutique.
 32771 | D:15     | Entered Level 15 of the Dungeon
 33019 | D:15     | Noticed Jorgrun
 33028 | D:15     | Killed Jorgrun
 33028 | D:15     | Reached XP level 19. HP: 146/146 MP: 35/35
 33170 | D:15     | Found a staircase to the Depths.
 33220 | D:15     | Found a sparkling altar of Nemelex Xobeh.
 33768 | Vaults:1 | Entered Level 1 of the Vaults
 34005 | Vaults:1 | Found Bomib's Gadget Shop.
 34351 | Vaults:1 | Reached skill level 14 in Ice Magic
 34932 | Vaults:1 | Found Impegyts's Book Boutique.
 36052 | Vaults:2 | Reached XP level 20. HP: 155/155 MP: 37/37
 36117 | Vaults:2 | Found Muroutic's Weapon Shoppe.
 37020 | Vaults:3 | Found Puoditwegacs's Book Boutique.
 37205 | Vaults:3 | Found Lamamama's General Store.
 37496 | Vaults:3 | Found Hufreak's Gadget Shop.
 37615 | Vaults:3 | Noticed Saint Roka
 37621 | Vaults:3 | Killed Saint Roka
 37740 | Vaults:3 | Found Afiz's Jewellery Boutique.
 37751 | Vaults:3 | Bought the ring of Bevetwe {rElec rC++ AC+4 Str-3 Dex+4}
                  | for 1044 gold pieces
 37962 | Vaults:3 | Found a staircase to the Crypt.
 37962 | Vaults:3 | Found a basalt altar of Yredelemnul.
 37963 | Vaults:3 | Found an ancient bone altar of Kikubaaqudgha.
 38010 | Vaults:3 | Found Beurghau's Book Boutique.
 38318 | Vaults:3 | Reached skill level 15 in Ice Magic
 39020 | Vaults:4 | Reached XP level 21. HP: 157/162 MP: 28/38
 40044 | Shoals:1 | Entered Level 1 of the Shoals
 40111 | Shoals:1 | Found Zahatay's Armour Emporium.
 40120 | Shoals:1 | Found Raoskius's Jewellery Emporium.
 40232 | Shoals:1 | Found Wizyrowk's General Store.
 40351 | Shoals:1 | Bought a cursed amulet of inaccuracy for 24 gold pieces
 41055 | Shoals:2 | Noticed Ilsuiw
 41064 | Shoals:2 | Killed Ilsuiw
 42787 | Shoals:4 | Entered Level 4 of the Shoals
 42924 | Shoals:4 | Reached XP level 22. HP: 118/171 MP: 37/40
 43018 | Shoals:4 | Got a barnacled rune of Zot
 43278 | Shoals:4 | Reached skill level 16 in Ice Magic
 43371 | Shoals:4 | Reached skill level 15 in Invocations
 44493 | Crypt:1  | Entered Level 1 of the Crypt
 44642 | Crypt:1  | Acquired the +2 ratskin cloak {+Rats rPois rN+ Str-1 Int-1
                  | Dex+1}
 44643 | Crypt:1  | Found the +2 ratskin cloak {+Rats rPois rN+ Str-1 Int-1
                  | Dex+1}
 45369 | D:12     | Got a polished ring mail
 45370 | D:12     | Identified the cursed +0 ring mail of Hopscotch {*Contam
                  | rF+ Dex+3} (You found it on level 12 of the Dungeon)
 45855 | Crypt:1  | Got a faintly humming scale mail
 45856 | Crypt:1  | Identified the cursed +0 scale mail of Huduwned {Int+3
                  | Dex+3 Slay+3} (You found it on level 1 of the Crypt)
 46014 | Crypt:1  | Got a masterwork plate armour
 46015 | Crypt:1  | Identified the +8 plate armour of the Hare {MR+} (You found
                  | it on level 1 of the Crypt)
 46469 | Crypt:1  | HP: 1/172 [jiangshi (10)]
 46470 | Crypt:1  | Mangled by a jiangshi

Illustrated notes

Levels and vault maps discovered:
D:1:      lightli_arrival_quake, layout_basic,
          hangedman_abyss_or_decor_lesser_grid, minmay_box_of_dots
D:2:      layout_rooms, nicolae_overflow_hidden_temple, uniq_sigmund,
          uniq_jessica
D:3:      layout_loops_ring, old_standard_altar, first_ration,
          chequers_serial_rivers_room_a, kennysheep_path_1, st_stairs_13
D:4:      layout_rooms, amethyst_overflow_temple_binary
D:5:      layout_loops_corners, serial_shops,
          nicolae_shop_competitors_out_of_business
D:6:      layout_basic, lemuel_crystal_altar, eat_drink_and_be_merry_uskayaw,
          lemuel_crystal_altar
D:7:      layout_basic, chequers_temple_overflow_minitemple,
          minmay_temple_entry_hall, grunt_livestock, uniq_joseph
D:8:      layout_basic, serial_shops, shop_fountains, shop, minmay_orc_keep,
          uniq_erica, uniq_harold, uniq_maurice
D:9:      cheibrodos_elevator_heist, layout_small_grid, lemuel_crystal_altar,
          orc_0_dummy, gammafunk_ghost_nasty_kobolds, minmay_misc_feat_encased
D:10:     layout_rooms, due_lair_maze_entry_diamond, enter_bailey_2,
          kennysheep_small_circle
D:11:     layout_long_grid, hellmonk_ghost_happy_afterlife, minivault_1,
          serial_bayou_pond_e, grunt_ministairs_10, fedhas_altar_2
D:12:     layout_rooms, gammafunk_ghost_necromancy
D:13:     layout_roguey, david_vaults_4, onia_ninara_cookie
D:14:     layout_long_grid, serial_shops, shop
D:15:     gammafunk_enter_depths_forms, layout_loops_cross, basic_altar,
          uniq_jorgrun
Temple:   jpeg_temple_island
Lair:1:   layout_concentric_octagons, grunt_megastairs_1, lemuel_fruit_fields,
          serial_bayou_shore_a, lemuel_fruit_fields
Lair:2:   layout_big_grid, elwin_shoals_entry_rocks,
          minmay_snake_entry_six_corridors, uniq_fannar
Lair:3:   layout_chaotic_city, basic_altar, zaba_antful_of_joy,
          minmay_lair_oklob_chamber, uniq_gastronok
Lair:4:   layout_small_grid, portal_ice_cave_demonic_guard, grunt_megastairs_4,
          uniq_rupert
Lair:5:   layout_roguey, minmay_holes, minmay_hedge_maze,
          chequers_serial_rivers_micro_d, serial_bayou_shore_b,
          lemuel_fruit_fields, infiniplex_staircase_pool
Lair:6:   guppyfry_lair_end_dragon, layout_cave_pods,
          hangedman_lair_tendril_chambers, slime_altar_1
Shoals:1: layout_shoals, serial_shops, shop, shop, nicolae_shop_stone
Shoals:2: layout_shoals, uniq_ilsuiw
Shoals:3: layout_shoals
Shoals:4: shoals_end_grunt_ice, layout_shoals
Snake:1:  layout_layer_cave, basic_altar, uniq_asterion
Snake:2:  layout_basic, serial_shops, nicolae_shop_crystal, grunt_ministairs_11,
          serial_bayou_shore_b, minmay_shop_grove
Snake:3:  layout_onion_interference
Snake:4:  minmay_snake_end_coiled, layout_rooms
Orc:1:    layout_caves, ebering_ghost_reflecting_pool, bh_open_orc_temple
Orc:2:    st_orc_rangers, layout_diamond_mine
Vaults:1: hangedman_vaults_impose, vaults_room_pool,
          nicolae_vaults_ninety_degrees, vaults_dpeg_hooks,
          vaults_room_mumra_shop_pool, vaults_mumra_lcd,
          dpeg_vaults_monster_box, layout_vaults_quadrants, serial_shops,
          shop_fountains
Vaults:2: v_alt_pattern_1, nicolae_vaults_triangles,
          nicolae_vaults_puzzle_piece, nicolae_vaults_back_hallway,
          vaults_mumra_minichess_inversion, nicolae_vaults_little_squares_4,
          vaults_dpeg_ring, vaults_mumra_hexcomb, grunt_vaults_hallway_short,
          ontoclasm_vaults_shout, vaults_room_stairs_pillars,
          dpeg_vaults_monster_row, layout_vaults_omnicross, serial_shops,
          nicolae_shop_trees
Vaults:3: nicolae_vaults_angled_halls, v_misc_29, v_rooms_2,
          grunt_vaults_trifunnel, vaults_room_large_hall,
          hangedman_vaults_river_flow, nicolae_vaults_ring_of_whatevers,
          st_squares, v_alt_pattern_2, vaults_dpeg_cross,
          minmay_crypt_entry_necro_gods, vaults_mumra_minichess,
          vaults_dpeg_encased_lava, layout_vaults_maze_snakey, serial_shops,
          shop_fountains, nicolae_shop_crystal, shop, shop,
          nicolae_shop_behind_doors, uniq_saint_roka
Vaults:4: v_misc_19, v_misc_5, hangedman_vaults_slice,
          nicolae_vaults_diagonal_hallway_6, nicolae_vaults_border_crossing,
          hangedman_vaults_stream, nicolae_vaults_three_branches, v_misc_9,
          vaults_room_door_ring, vaults_room_stairs_pillars, vaults_room_grid,
          layout_vaults_ring
Crypt:1:  layout_catacombs
Crypt:2:  layout_rooms, gammafunk_ghost_necromancy, grunt_ministairs_4

Skill      XL: |  1  2  3  4  5  6  7  8  9 10 11 12 13 14 15 16 17 18 19 20 21 22 |
---------------+-------------------------------------------------------------------+-----
Spellcasting   | 5 6 7 8 9 10 11 12 13 14 | 14.8
Invocations    | 1 2 3 4 5 6 7 8 9 10 11 12 13 14 15 | 15.2
Fighting       | 1 2 3 4 5 6 7 8 9 10 11 12 13 14 | 14.1
Short Blades   | 1 2 3 4 5 6 7 8 9 10 11 12 13 14 | 14.1
Long Blades    | 1 2 3 4 5 6 7 8 9 10 11 12 13 14 | 14.1
Axes           | 1 2 3 4 5 6 7 8 9 10 11 12 13 14 | 14.1
Maces & Flails | 1 2 3 4 5 6 7 8 9 10 11 12 13 14 | 14.1
Polearms       | 1 2 3 4 5 6 7 8 9 10 11 12 13 14 | 14.1
Staves         | 1 2 3 4 5 6 7 8 9 10 11 12 13 14 | 14.1
Slings         | 1 2 3 4 5 6 7 8 9 10 11 12 13 14 | 14.1
Bows           | 1 2 3 4 5 6 7 8 9 10 11 12 13 14 | 14.1
Crossbows      | 1 2 3 4 5 6 7 8 9 10 11 12 13 14 | 14.1
Throwing       | 1 2 3 4 5 6 7 8 9 10 11 12 13 14 | 14.1
Armour         | 1 2 3 4 5 6 7 8 9 10 11 12 13 14 | 14.1
Shields        | 1 2 3 4 5 6 7 8 9 10 11 12 13 14 | 14.1
Unarmed Combat | 1 2 3 4 5 6 7 8 9 10 11 12 13 14 | 14.1
Conjurations   | 1 2 3 4 5 6 7 8 9 10 11 12 | 12.1
Hexes          | 1 2 3 4 5 6 7 8 9 10 11 12 | 12.1
Charms         | 1 2 3 4 5 6 7 8 9 10 11 12 | 12.1
Summonings     | 1 2 3 4 5 6 7 8 9 10 11 12 | 12.1
Necromancy     | 1 2 3 4 5 6 7 8 9 10 11 12 | 12.1
Translocations | 1 2 3 4 5 6 7 8 9 10 11 12 | 12.1
Transmutations | 1 2 3 4 5 6 7 8 9 10 11 12 | 12.1
Fire Magic     | 1 2 3 4 5 6 7 8 9 10 11 12 | 12.1
Air Magic      | 1 2 3 4 5 6 7 8 9 10 11 12 | 12.1
Earth Magic    | 1 2 3 4 5 6 7 8 9 10 11 12 | 12.1
Poison Magic   | 1 2 3 4 5 6 7 8 9 10 11 12 | 12.1
Evocations     | 1 2 3 4 5 6 7 8 9 10 11 12 13 14 | 14.1
Dodging        | 5 6 7 8 9 10 11 12 13 14 | 14.7
Stealth        | 5 6 7 8 9 10 11 12 13 14 | 14.6
Ice Magic      | 8 9 10 11 12 13 14 15 16 | 16.2

Action                   |  1- 3 |  4- 6 |  7- 9 | 10-12 | 13-15 | 16-18 | 19-21 | 22-24 || total
-------------------------+-------+-------+-------+-------+-------+-------+-------+-------++-------
Melee: Unarmed           |     4 |       |       |     1 |       |       |       |       ||     5
       Spear             |    22 |   142 |    99 |       |       |       |       |       ||   263
       Bite              |       |    12 |    14 |    51 |    44 |    37 |    47 |    26 ||   231
       Punch             |       |     1 |       |       |       |       |       |       ||     1
       Falchion          |       |       |    58 |   422 |    98 |       |       |       ||   578
       Glaive            |       |       |       |       |   542 |   420 |   594 |   262 ||  1818
 Cast: Freeze            |    29 |     1 |     1 |       |       |       |       |       ||    31
       Frozen Ramparts   |     2 |    13 |    19 |    42 |    45 |    14 |     9 |       ||   144
       Summon Ice Beast  |       |     2 |     4 |    41 |    22 |       |       |       ||    69
       Ozocubu's Refrige |       |       |       |       |    42 |    54 |   177 |    22 ||   295
       Iron Shot         |       |       |       |       |     9 |     2 |     5 |       ||    16
       Spectral Weapon   |       |       |       |       |    38 |    37 |    38 |    24 ||   137
       Blink             |       |       |       |       |     1 |       |       |     4 ||     5
 Abil: Evoke Berserk Rag |       |       |       |       |     5 |       |     1 |       ||     6
Evoke: Wand              |       |       |       |     2 |     4 |       |       |       ||     6
  Use: Scroll            |       |       |     6 |     1 |    25 |     8 |     2 |     5 ||    47
       Potion            |       |       |       |     3 |       |     1 |       |       ||     4
 Stab: Sleeping          |     3 |     4 |     5 |    20 |    15 |    24 |    38 |     8 ||   117
       Distracted        |       |       |       |     3 |     4 |     5 |    11 |     3 ||    26
  Eat: Chunk             |       |     8 |     9 |    19 |    41 |    17 |    43 |     5 ||   142
       Ration            |       |       |     1 |     3 |     4 |     4 |       |     2 ||    14
Armor: Robe              |    12 |    16 |       |       |       |       |       |       ||    28
       Leather armour    |       |     7 |    25 |   112 |   240 |   131 |   160 |    49 ||   724
       Scale mail        |       |       |       |       |       |       |       |    81 ||    81
Dodge: Dodged            |    23 |    54 |    55 |   258 |   645 |   275 |   434 |   317 ||  2061
Block: Buckler           |       |       |    30 |   107 |    16 |       |       |       ||   153
       Rpst.: Falchion   |       |       |     8 |    66 |    18 |       |       |       ||    92
